 Dungeon Crawl Stone Soup version 0.27-a0-1036-g8e1b44f6bd (webtiles) character file.

Game seed: 12403867679461185491

26 pokeman the Magician (level 2, -2/16 HPs)
             Began as a Deep Elf Hedge Wizard on Apr 18, 2021.
             Slain by a scorpion zombie (7 damage)
             ... on level 2 of the Dungeon.
             The game lasted 00:03:33 (1666 turns).

pokeman the Magician (Deep Elf Hedge Wizard)        Turns: 1666, Time: 00:03:33

Health: -2/16      AC:  2    Str:  7    XL:     2   Next: 89%
Magic:  2/10       EV: 12    Int: 18    God:
Gold:   39         SH:  0    Dex: 14    Spells: 10/11 levels left

rFire    . . .     SeeInvis .   a - +0 dagger
rCold    . . .     Faith    .   (no shield)
rNeg     . . .     Spirit   .   b - +0 robe
rPois    .         Reflect  .   c - +0 hat
rElec    .         Harm     .   (no cloak)
rCorr    .         Rampage  .   (no gloves)
Will     .....                  (no boots)
Stlth    ++........             (no amulet)
HPRegen  0.05/turn              (no ring)
MPRegen  0.12/turn              (no ring)

@: no status effects
A: no striking features
a: no special abilities


You were on level 2 of the Dungeon.
You visited 1 branch of the dungeon, and saw 2 of its levels.

You collected 39 gold pieces.

Inventory:

Hand Weapons
 a - a +0 dagger (weapon)
Armour
 b - a +0 robe (worn)
 c - a +0 hat (worn)
Jewellery
 e - an amulet of regeneration
Scrolls
 d - 2 scrolls of identify {unknown}
 j - a scroll of immolation {unknown}
Potions
 f - a potion of might {unknown}
 g - a potion of lignification {unknown}
 h - a potion of resistance {unknown}
 i - a potion of flight {unknown}
 k - a potion of mutation {unknown}


   Skills:
 + Level 0.6 Fighting
 + Level 0.7 Armour
 - Level 2.4 Dodging
 - Level 2.4 Stealth
 * Level 5.0 Spellcasting
 + Level 1.6 Conjurations
 - Level 1.1 Summonings
 - Level 1.1 Translocations


You had 10 spell levels left.
You knew the following spells:

 Your Spells              Type           Power      Damage    Failure   Level
a - Magic Dart            Conj           40%        1d5       7%          1

Your spell library contained the following spells:

 Spells                   Type           Power      Damage    Failure   Level
 Blink                    Tloc           N/A        N/A       13%         2
 Call Imp                 Summ           8%         N/A       13%         2
 Slow                     Hex            4%         N/A       21%         2
 Conjure Flame            Conj/Fire      7%         6-21      28%         3
 Mephitic Cloud           Conj/Pois/Air  6%         N/A       32%         3


Dungeon Overview and Level Annotations

Branches:
Dungeon (2/15)

Altars:
Gozag


Message History

Press: ? - help, Shift-Dir - straight line, f/p - scorpion zombie
Aim: a scorpion zombie (moderately damaged, 100% to hit)
The magic dart hits the scorpion zombie.
The scorpion zombie is moderately damaged.
The scorpion zombie hits you.
Casting: Magic Dart (safe; 7% risk of failure)
Confirm with . or Enter, or press ? or * to list all spells.
Aiming: Magic Dart (safe; 7% risk of failure)
Press: ? - help, Shift-Dir - straight line, f/p - scorpion zombie
Aim: a scorpion zombie (moderately damaged, 100% to hit)
The magic dart hits the scorpion zombie but does no damage.
The scorpion zombie is moderately damaged.
The scorpion zombie hits you.
Casting: Magic Dart (safe; 7% risk of failure)
Confirm with . or Enter, or press ? or * to list all spells.
Aiming: Magic Dart (safe; 7% risk of failure)
Press: ? - help, Shift-Dir - straight line, f/p - scorpion zombie
Aim: a scorpion zombie (moderately damaged, 100% to hit)
The magic dart hits the scorpion zombie.
The scorpion zombie is heavily damaged.
The scorpion zombie closely misses you.
Casting: Magic Dart (safe; 7% risk of failure)
Confirm with . or Enter, or press ? or * to list all spells.
Aiming: Magic Dart (safe; 7% risk of failure)
Press: ? - help, Shift-Dir - straight line, f/p - scorpion zombie
Aim: a scorpion zombie (heavily damaged, 100% to hit)
The magic dart hits the scorpion zombie.
The scorpion zombie is heavily damaged.
The scorpion zombie closely misses you.
Unknown command.
Unknown command.
Casting: Magic Dart (safe; 7% risk of failure)
Confirm with . or Enter, or press ? or * to list all spells.
Aiming: Magic Dart (safe; 7% risk of failure)
Press: ? - help, Shift-Dir - straight line, f/p - scorpion zombie
Aim: a scorpion zombie (heavily damaged, 100% to hit)
The magic dart hits the scorpion zombie but does no damage.
The scorpion zombie is heavily damaged.
The scorpion zombie hits you!
You die...

#..........#....
########.#........
### #.##...... ..#
#.#....... #.#
#....._... #.#
#.##.....# #.#
#.##.....# #.#
#Z##.##..######<#
#@##............#
#..<.....########
#.####..#.##
#..........##
######......#
#.#...#######
#.##.........
#.##.########
#.##.#


You could see a scorpion zombie.

Vanquished Creatures
  2 dart slugs (D:1)
  2 endoplasms
  A giant cockroach (D:1)
  3 goblins
  A hobgoblin (D:1)
  4 kobolds
  2 ball pythons (D:2)
  3 bats (D:1)
  3 frilled lizards (D:1)
  2 rats (D:1)
23 creatures vanquished.

Notes
Turn   | Place    | Note
-------+----------+-------------------------------------------
     0 | D:1      | pokeman the Deep Elf Hedge Wizard began the quest for the
                  | Orb.
     0 | D:1      | Reached XP level 1. HP: 10/10 MP: 7/7
   356 | D:1      | Reached XP level 2. HP: 4/16 MP: 1/9
  1458 | D:2      | Reached skill level 5 in Spellcasting
  1473 | D:2      | Found an opulent altar of Gozag.
  1666 | D:2      | Slain by a scorpion zombie

Illustrated notes

Levels and vault maps discovered:
D:1:      dpeg_arrival_erosion, layout_loops_cross
D:2:      layout_loops_ring, basic_altar, minivault_11

Skill      XL: |  1  2 |
---------------+-------+-----
Spellcasting   | 5 |  5.0
Fighting       | |  0.6
Armour         | |  0.7
Dodging        | |  2.4
Stealth        | |  2.4
Conjurations   | |  1.6
Summonings     | |  1.1
Translocations | |  1.1

Action                   || total
-------------------------++-------
Melee: Dagger            ||     2
 Cast: Magic Dart        ||    60
 Stab: Sleeping          ||     1
Armor: Robe              ||     3
Dodge: Dodged            ||     6

Table legend: (Time is in decaauts)
 A = Elapsed time spent in this place.
 B = Non-inter-level travel time spent in this place.
 C = Inter-level travel time spent in this place.
 D = Time resting spent in this place.
 E = Time spent auto-exploring this place.
 F = Levels seen in this place.
 G = Mean time per level.
                   A        B        C        D        E       F      G
               +--------+--------+--------+--------+--------+-----+--------+
         Total |   1665 |   1648 |     17 |      0 |   1538 |   2 |  832.5 |
       Dungeon |   1665 |   1648 |     17 |      0 |   1538 |   2 |  832.5 |
               +--------+--------+--------+--------+--------+-----+--------+

Top non-repeatable levels by time:
     D:1: 1456 daAuts
     D:2: 209 daAuts
